AA
BLOOMINGTON CARDINALS @ MONCTON MOHAWKS
05/03/2060
 
TOP OF THE 1ST
Bloomington Cardinals batting - Pitching for Moncton Mohawks : LHP Jarrett Payne
Pitching: LHP Jarrett Payne
Batting: RHB Davey Eastman 0-0: Ball
1-0: Ball
2-0: Ball
3-0: Base on Balls
Batting: RHB Kristian Malley 0-0: Ball
1-0: Ball
2-0: Ball
3-0: Called Strike
3-1: Foul Ball, location: 2F
3-2: Foul Ball, location: 2F
Pickoff Throw to First - Out! 1-3
3-2: Base on Balls
Batting: RHB Marlon Anderson 0-0: Hit by Pitch
Kristian Malley to second
Batting: RHB Jaylen House 0-0: Ball
1-0: Ball
2-0: Ball
3-0: Foul Ball, location: 2F
3-1: Base on Balls
Kristian Malley to third
Marlon Anderson to second
Batting: SHB Wade Carter 0-0: Swinging Strike
0-1: Ball
1-1: Ball
2-1: Fly out, F4 (Line Drive, 4, EV 77.5 MPH)
Batting: SHB Davin Baker 0-0: Swinging Strike
0-1: Foul Ball, location: 2F
0-2: Foul Ball, location: 2F
0-2: Foul Ball, location: 2F
0-2: Foul Ball, location: 2F
0-2: Strikes out swinging
Top of the 1st over - 0 runs, 0 hits, 0 errors, 3 left on base; Bloomington 0 - Moncton 0
BOTTOM OF THE 1ST
Moncton Mohawks batting - Pitching for Bloomington Cardinals : RHP Jovan Burrow
Pitching: RHP Jovan Burrow
Batting: RHB Derell Machuca 0-0: Foul Ball, location: 2F
0-1: Foul Ball, location: 2F
0-2: Foul Ball, location: 2F
0-2: Ball
1-2: Ball
2-2: Foul Ball, location: 2F
2-2: Strikes out swinging
Batting: LHB Quincy Mobley 0-0: Foul Ball, location: 2F
0-1: Called Strike
0-2: Ball
1-2: Strikes out swinging
Batting: LHB Joseph Llamas 0-0: Ball
1-0: Swinging Strike
1-1: Ground out 5-3 (Groundball, 56S, EV 86.2 MPH)
Bottom of the 1st over - 0 runs, 0 hits, 0 errors, 0 left on base; Bloomington 0 - Moncton 0
TOP OF THE 2ND
Bloomington Cardinals batting - Pitching for Moncton Mohawks : LHP Jarrett Payne
Batting: RHB Blayne Gillett 0-0: Called Strike
0-1: Swinging Strike
0-2: Foul Ball, location: 2F
0-2: Strikes out swinging
Batting: RHB Derrick Shannon 0-0: Ground out 4-3 (Groundball, 4MS, EV 61.2 MPH)
Batting: SHB Weston Borron 0-0: Bunt missed!
0-1: Foul Ball, location: 2F
0-2: Strikes out swinging
Top of the 2nd over - 0 runs, 0 hits, 0 errors, 0 left on base; Bloomington 0 - Moncton 0
BOTTOM OF THE 2ND
Moncton Mohawks batting - Pitching for Bloomington Cardinals : RHP Jovan Burrow
Batting: RHB Vincent Manning 0-0: Foul Ball, location: 2F
0-1: Swinging Strike
0-2: Foul Ball, location: 2F
0-2: Strikes out swinging
Batting: RHB Wyatt Rivera 0-0: Swinging Strike
0-1: Called Strike
0-2: Ball
1-2: Foul Ball, location: 2F
1-2: Strikes out swinging
Batting: LHB Dallin Mummau 0-0: Ball
1-0: Called Strike
1-1: Fly out, F8 (Flyball, 78D, EV 100.0 MPH)
Bottom of the 2nd over - 0 runs, 0 hits, 0 errors, 0 left on base; Bloomington 0 - Moncton 0
TOP OF THE 3RD
Bloomington Cardinals batting - Pitching for Moncton Mohawks : LHP Jarrett Payne
Batting: RHB Davey Eastman 0-0: Called Strike
0-1: Ball
1-1: Foul Ball, location: 2F
1-2: SINGLE (Groundball, 6MD, EV 99.4 MPH)
Batting: RHB Kristian Malley 0-0: Foul Ball, location: 2F
0-1: Ball
1-1: Called Strike
1-2: Strikes out swinging
Batting: RHB Marlon Anderson 0-0: Called Strike
0-1: Swinging Strike
0-2: Strikes out swinging
Batting: RHB Jaylen House 0-0: Ball
1-0: Ball
2-0: Ball
3-0: Ground out 4-3 (Groundball, 4, EV 104.4 MPH)
Top of the 3rd over - 0 runs, 1 hit, 0 errors, 1 left on base; Bloomington 0 - Moncton 0
BOTTOM OF THE 3RD
Moncton Mohawks batting - Pitching for Bloomington Cardinals : RHP Jovan Burrow
Batting: RHB Seamus Elliott 0-0: Foul Ball, location: 2F
0-1: Ball
1-1: Ball
2-1: Foul Ball, location: 2F
2-2: Foul Ball, location: 2F
2-2: Ground out 5-3 (Groundball, 56, EV 90.6 MPH)
Batting: LHB Dallas Wombolt 0-0: Called Strike
0-1: Ball
1-1: Foul Ball, location: 2F
1-2: Strikes out looking
Batting: RHB Brendan Woodman 0-0: Ball
1-0: Ground out 6-3 (Groundball, 6, EV 100.0 MPH)
Bottom of the 3rd over - 0 runs, 0 hits, 0 errors, 0 left on base; Bloomington 0 - Moncton 0
TOP OF THE 4TH
Bloomington Cardinals batting - Pitching for Moncton Mohawks : LHP Jarrett Payne
Batting: SHB Wade Carter 0-0: Ball
1-0: Hit by Pitch
Batting: SHB Davin Baker 0-0: Swinging Strike
0-1: Ball
1-1: Ball
Pickoff Throw to First - Out! 1-3 CS
2-1: Swinging Strike
2-2: Strikes out looking
Batting: RHB Blayne Gillett 0-0: Called Strike
0-1: Ball
1-1: SINGLE (Line Drive, 9S, EV 112.5 MPH)
Batting: RHB Derrick Shannon 0-0: Ball
1-0: Ball
2-0: Ball
3-0: Base on Balls
Blayne Gillett to second
Batting: SHB Weston Borron 0-0: Ball
1-0: Called Strike
1-1: Ball
2-1: Called Strike
2-2: SINGLE (Groundball, 34D, EV 103.8 MPH)
Blayne Gillett to third
Derrick Shannon to second
Runner from 3rd tries for Home, SAFE, throw by RF to home
Batting: RHB Davey Eastman 0-0: Foul Ball, location: 2F
0-1: Foul Ball, location: 2F
0-2: Ball
1-2: Foul Ball, location: 2F
1-2: Ball
2-2: Fielders Choice at 2nd, 5-4 (Groundball, 56, EV 88.1 MPH)
Top of the 4th over - 1 run, 2 hits, 0 errors, 2 left on base; Bloomington 1 - Moncton 0
BOTTOM OF THE 4TH
Moncton Mohawks batting - Pitching for Bloomington Cardinals : RHP Jovan Burrow
Batting: RHB Derell Machuca 0-0: Foul Ball, location: 2F
0-1: Swinging Strike
0-2: Ball
1-2: Strikes out swinging
Batting: LHB Quincy Mobley 0-0: Ball
1-0: Called Strike
1-1: Foul Ball, location: 2F
1-2: Fly out, F7 (Flyball, 7, EV 77.5 MPH)
Batting: LHB Joseph Llamas 0-0: Ball
1-0: Swinging Strike
1-1: Ball
2-1: Ball
3-1: Base on Balls
Batting: RHB Vincent Manning 0-0: Ball
1-0: Foul Ball, location: 2F
1-1: Ground out 5-3 (Groundball, 56S, EV 73.8 MPH)
Bottom of the 4th over - 0 runs, 0 hits, 0 errors, 1 left on base; Bloomington 1 - Moncton 0
TOP OF THE 5TH
Bloomington Cardinals batting - Pitching for Moncton Mohawks : LHP Jarrett Payne
Batting: RHB Kristian Malley 0-0: Ball
1-0: Ground out U3 (Groundball, 34S, EV 61.9 MPH)
Batting: RHB Marlon Anderson 0-0: Hit by Pitch
Batting: RHB Jaylen House 0-0: Swinging Strike
0-1: Ball
1-1: Called Strike
1-2: Strikes out swinging
Batting: SHB Wade Carter 0-0: Called Strike
0-1: Swinging Strike
0-2: Strikes out swinging
Top of the 5th over - 0 runs, 0 hits, 0 errors, 1 left on base; Bloomington 1 - Moncton 0
BOTTOM OF THE 5TH
Moncton Mohawks batting - Pitching for Bloomington Cardinals : RHP Jovan Burrow
Batting: RHB Wyatt Rivera 0-0: Ball
1-0: Swinging Strike
1-1: Swinging Strike
1-2: Strikes out swinging
Batting: LHB Dallin Mummau 0-0: Ground out 6-3 (Groundball, 6M, EV 85.0 MPH)
Batting: RHB Seamus Elliott 0-0: Foul Ball, location: 2F
0-1: Foul Ball, location: 2F
0-2: Fly out, F9 (Flyball, 9, EV 77.5 MPH)
Bottom of the 5th over - 0 runs, 0 hits, 0 errors, 0 left on base; Bloomington 1 - Moncton 0
TOP OF THE 6TH
Bloomington Cardinals batting - Pitching for Moncton Mohawks : LHP Jarrett Payne
Batting: SHB Davin Baker 0-0: Ball
1-0: Called Strike
1-1: Ball
2-1: Foul Ball, location: 2F
2-2: Strikes out swinging
Batting: RHB Blayne Gillett 0-0: Ball
1-0: Foul Ball, location: 2F
1-1: Ball
2-1: Foul Ball, location: 2F
2-2: Ball
3-2: Foul Ball, location: 2F
3-2: Base on Balls
Batting: RHB Derrick Shannon 0-0: Called Strike
0-1: Ball
1-1: Foul Ball, location: 2F
1-2: Ball
2-2: Foul Ball, location: 2F
2-2: Strikes out swinging
Batting: SHB Weston Borron 0-0: Called Strike
0-1: Swinging Strike
0-2: Reached on error, E4 (Groundball, 34S, EV 83.1 MPH)
Blayne Gillett to second
Pitching: RHP Dominic Galicki
Batting: RHB Davey Eastman 0-0: Ball
1-0: Ground out 4-3 (Groundball, 4D, EV 83.8 MPH)
Top of the 6th over - 0 runs, 0 hits, 1 error, 2 left on base; Bloomington 1 - Moncton 0
BOTTOM OF THE 6TH
Moncton Mohawks batting - Pitching for Bloomington Cardinals : RHP Jovan Burrow
Batting: LHB Dallas Wombolt 0-0: Called Strike
0-1: Swinging Strike
0-2: Foul Ball, location: 2F
0-2: Ground out U3 (Groundball, 3L, EV 86.2 MPH)
Batting: RHB Brendan Woodman 0-0: Called Strike
0-1: Ball
1-1: Called Strike
1-2: Strikes out swinging
Batting: RHB Derell Machuca 0-0: Foul Ball, location: 2F
0-1: Ball
1-1: Ground out U3 (Groundball, 34, EV 103.1 MPH)
Bottom of the 6th over - 0 runs, 0 hits, 0 errors, 0 left on base; Bloomington 1 - Moncton 0
TOP OF THE 7TH
Bloomington Cardinals batting - Pitching for Moncton Mohawks : RHP Dominic Galicki
Batting: RHB Kristian Malley 0-0: Ball
1-0: Ball
2-0: Ball
3-0: Called Strike
3-1: Foul Ball, location: 2F
3-2: Strikes out looking
Batting: LHB Ivan Zimmerman 0-0: Ball
1-0: Called Strike
1-1: Foul Ball, location: 2F
1-2: Ball
2-2: SOLO HOME RUN (Flyball, 9D, EV 99.4 MPH), Distance : 376 ft
Batting: RHB Jaylen House 0-0: Ball
1-0: Called Strike
1-1: Ball
2-1: Foul Ball, location: 2F
2-2: Strikes out swinging
Batting: SHB Wade Carter 0-0: Called Strike
0-1: Ball
1-1: Ball
2-1: Swinging Strike
2-2: SINGLE (Groundball, 34D, EV 97.5 MPH)
Batting: SHB Davin Baker 0-0: Fly out, F7 (Flyball, 7, EV 81.2 MPH)
Top of the 7th over - 1 run, 2 hits, 0 errors, 1 left on base; Bloomington 2 - Moncton 0
BOTTOM OF THE 7TH
Moncton Mohawks batting - Pitching for Bloomington Cardinals : RHP Jovan Burrow
Batting: LHB Quincy Mobley 0-0: Called Strike
0-1: Fly out, F8 (Flyball, 8LD, EV 91.9 MPH)
Batting: LHB Joseph Llamas 0-0: Ball
1-0: Foul Ball, location: 2F
1-1: Foul Ball, location: 2F
1-2: Ball
2-2: Fly out, F7 (Flyball, 7LS, EV 88.1 MPH)
Batting: RHB Vincent Manning 0-0: Ball
1-0: Ball
2-0: Ball
3-0: Called Strike
3-1: Base on Balls
Batting: RHB Wyatt Rivera 0-0: Called Strike
0-1: Ball
1-1: Foul Ball, location: 2F
1-2: Foul Ball, location: 2F
1-2: Foul Ball, location: 2F
1-2: Foul Ball, location: 2F
1-2: Foul Ball, location: 2F
1-2: Hit by Pitch
Vincent Manning to second
Batting: LHB Dallin Mummau 0-0: Ball
1-0: Foul Ball, location: 2F
1-1: Ball
2-1: Foul Ball, location: 2F
2-2: Strikes out looking
Bottom of the 7th over - 0 runs, 0 hits, 0 errors, 2 left on base; Bloomington 2 - Moncton 0
TOP OF THE 8TH
Bloomington Cardinals batting - Pitching for Moncton Mohawks : RHP Dominic Galicki
Batting: RHB Blayne Gillett 0-0: Swinging Strike
0-1: Swinging Strike
0-2: Strikes out swinging
Batting: RHB Derrick Shannon 0-0: Ball
1-0: Swinging Strike
1-1: Swinging Strike
1-2: Strikes out swinging
Batting: SHB Weston Borron 0-0: Foul Ball, location: 2F
0-1: Ball
1-1: Swinging Strike
1-2: DOUBLE (Line Drive, 89M, EV 103.8 MPH)
Batting: RHB Davey Eastman 0-0: Foul Ball, location: 2F
0-1: Ball
1-1: Ball
2-1: Ground out 3-1 (Groundball, 34, EV 110.0 MPH)
Top of the 8th over - 0 runs, 1 hit, 0 errors, 1 left on base; Bloomington 2 - Moncton 0
BOTTOM OF THE 8TH
Moncton Mohawks batting - Pitching for Bloomington Cardinals : RHP Jovan Burrow
Pinch Hitting: LHB Evan Laurie 0-0: Swinging Strike
0-1: SINGLE (Line Drive, 56D, EV 100.0 MPH)
Pitching: RHP Julian Sussman
Batting: LHB Dallas Wombolt 0-0: Ball
1-0: SINGLE (Line Drive, 78M, EV 103.8 MPH)
Evan Laurie to second
Batting: RHB Brendan Woodman 0-0: Bunted foul
0-1: Sac Bunt to 2R - play at first, batter OUT! 2-4
Evan Laurie to third
Dallas Wombolt to second
Batting: RHB Derell Machuca 0-0: Ball
1-0: Ball
2-0: 3-RUN HOME RUN (Flyball, 7D, EV 100.0 MPH), Distance : 382 ft
Batting: LHB Quincy Mobley 0-0: Fly out, F3 (Popup, 34, EV 67.5 MPH)
Batting: LHB Joseph Llamas 0-0: Called Strike
0-1: Swinging Strike
0-2: Strikes out swinging
Bottom of the 8th over - 3 runs, 3 hits, 0 errors, 0 left on base; Bloomington 2 - Moncton 3
TOP OF THE 9TH
Bloomington Cardinals batting - Pitching for Moncton Mohawks : RHP Dominic Galicki
Pitching: RHP Jaden Angell
Now in CF: Elias Boulton
Batting: RHB Kristian Malley 0-0: Called Strike
0-1: Swinging Strike
0-2: Foul Ball, location: 2F
0-2: Strikes out swinging
Batting: LHB Ivan Zimmerman 0-0: Ball
1-0: Ball
2-0: Called Strike
2-1: Foul Ball, location: 2F
2-2: Strikes out looking
Pinch Hitting: LHB Andy O'Bryan 0-0: Called Strike
0-1: Ball
1-1: Ball
2-1: Ball
3-1: Base on Balls
Batting: SHB Wade Carter 0-0: Swinging Strike
0-1: Ball
1-1: Called Strike
1-2: Ground out 4-3 (Groundball, 4D, EV 102.5 MPH)
Top of the 9th over - 0 runs, 0 hits, 0 errors, 1 left on base; Bloomington 2 - Moncton 3
Monday, April 29th , 2024 - OOTP Baseball 23.10 Build 110